AoeStats
← Chris

Arabia

510168474Analyzed
1v1 RM · 3d ago on Sep 29, 2026· 18m 10s· 2 players
Game mode
Random Map
Map size
Tiny (2 player)
Population
200
Speed
Normal
Resources
Standard
Victory
Conquest
Starting age
Dark Age
Ending age
Imperial Age
RankedLock teamsTeams togetherTeam positionsShared explorationLock speedFull tech treeHidden civsTurbo modeCheats
Victory
Defeat
🇧🇷 Vietnamese · Brazil
1018
+16
🇺🇸 Armenians · United States
1018
-16
Chris
3:23 Loom
9:45 Feudal Age
12:30 Man-at-Arms
Caga Mole
7:18 Loom
9:29 Feudal Age
9:31 Man-at-Arms
10:04 Double-Bit Axe
13:53 Fletching
16:47 Padded Archer Armor
Connection lost

Rejoining the realm…

Still unreachable

The connection could not be restored.

Session expired

The server has moved on; the page needs a fresh start.